 Dungeon Crawl Stone Soup version 0.26-a0-1021-gda264ca44c (webtiles) character file.

Game seed: 7794875309718255059

1167 lunkers the Chopper (level 8, -4/74 HPs)
             Began as a Palentonga Abyssal Knight on Dec 8, 2020.
             Was a Priest of Lugonu.
             Slain by a gnoll sergeant
             ... wielding a +0 trident
              (10 damage)
             ... on level 4 of the Dungeon.
             The game lasted 00:10:13 (6688 turns).

lunkers the Chopper (Palentonga Abyssal Knight)     Turns: 6688, Time: 00:10:14

Health: -4/74      AC: 16    Str: 18    XL:     8   Next: 17%
Magic:  11/11      EV:  5    Int: 12    God:    Lugonu [***...]
Gold:   232        SH:  5    Dex: 10    Spells: 7/7 levels left

rFire    . . .     SeeInvis +   a - +2 hand axe
rCold    . . .     Faith    .   (no shield)
rNeg     . . .     Spirit   .   v - +0 chain mail
rPois    .         Reflect  +   (no helmet)
rElec    .         Harm     .   (no cloak)
rCorr    .         Rampage  .   s - +1 pair of gloves
Will     .....                  (no barding)
Stlth    ..........             t - amulet of reflection
HPRegen  0.22/turn              (no ring)
MPRegen  0.12/turn              (no ring)

@: curled up
A: large, rugged brown scales 3, see invisible, deformed body, roll 1, armoured
tail, reflexive curl
a: Rolling Charge, Depart the Abyss, Bend Space, Banish, Renounce Religion


You were on level 4 of the Dungeon.
You worshipped Lugonu.
Lugonu was most pleased with you.
You visited 1 branch of the dungeon, and saw 5 of its levels.
You visited the Abyss 1 time.
You also visited: Ossuary.

You collected 232 gold pieces.

Inventory:

Hand Weapons
 a - a +2 hand axe (weapon)
Armour
 b - a +0 leather armour
 s - a +1 pair of gloves (worn)
 v - a +0 chain mail (worn)
Jewellery
 t - an amulet of reflection (around neck)
Wands
 f - a wand of iceblast (13)
 o - a wand of paralysis (6)
Scrolls
 d - 9 scrolls of immolation
 e - a scroll of fear
 g - 2 scrolls of identify
 h - a scroll of fog
 n - 7 scrolls of remove curse
Potions
 c - a potion of attraction
 j - 2 potions of lignification
 k - 2 potions of might
 q - 3 potions of ambrosia
 u - a potion of mutation
 w - 2 potions of curing
 x - 2 potions of haste


   Skills:
 + Level 5.9 Fighting
 * Level 7.6 Axes
 - Level 1.5 Armour
 - Level 0.7 Dodging
 * Level 4.4 Invocations


You had 7 spell levels left.
You didn't know any spells.
Your spell library was empty.

Dungeon Overview and Level Annotations

Branches:
Dungeon (5/15)             Temple (0/1) D:4         Ossuary (visited)

Altars:


Innate Abilities, Weirdness & Mutations

You are completely covered in rugged brown scales. (AC +3, +7% HP)
You have supernaturally acute eyesight. (SInv)
Armour fits poorly on your strangely shaped body.
You can roll at nearby foes to attack.
You have a long armoured tail.
You curl defensively after being hit.


Message History

You hit the gnoll sergeant but do no damage.
You barely miss the gnoll.
The ogre hits you with a +0 giant club!!
* * * LOW HITPOINT WARNING * * *
The gnoll hits you.
* * * LOW HITPOINT WARNING * * *
The gnoll sergeant hits you with a +0 trident.
* * * LOW HITPOINT WARNING * * *
Evoke which item? (* to show all) (? for menu, Esc to quit)
Aiming: Paralyse
Press: ? - help, Shift-Dir - straight line, f - gnoll
Aim: a gnoll (lightly wounded, chance to resist: 46%)
Okay, then.
You barely miss the ogre. You tail-slap the ogre.
The ogre is almost dead.
You completely miss the gnoll sergeant.
Your chain mail prevents you from hitting the gnoll.
The gnoll hits you but does no damage.
The gnoll sergeant hits you with a +0 trident!
You die...

.......#................#.# #..#.
.......#.#####...######.#.# #..#.
.......#.# #...........#.# #..##
.......#.# #...........#.# #....
.......#.# ####.####.###.####.##
.......#.# #...............##
.......#.#######.####.###.###..##
.......#.......gg# #.# #.###..##
.......#########@# #.# #........
#######........#O# #.# #.#####..
#.######.#.# #.###.#...#..
#######.#....#.#.# #...#.#...'..
......#.#.##.#.#.######.#.#...#.#
#####.#.#.#...............#####.#
#####.#.#.#..#.#.######.#.......#
......#.#.#..#.#.# #.####....#
#####.#.#.#..#.#.# #.#......##


You could see an ogre, a gnoll sergeant and a gnoll.

Vanquished Creatures
  3 phantoms (D:4)
  An ogre (D:4)
  A centaur (D:4)
  A bullfrog skeleton (D:4)
  5 orc wizards
  A hound (D:4)
  3 orc priests
  A human zombie (Ossuary)
  3 iguanas
  A worker ant (D:4)
  4 mummies (Ossuary)
  A worker ant zombie (D:4)
  7 adders
  An adder skeleton (D:5)
  2 worms
  3 dart slugs
  2 leopard geckos
  16 orcs
  3 giant cockroaches
  2 gnoll zombies (Ossuary)
  9 goblins
  9 hobgoblins
  4 kobolds
  3 quokkas
  A ball python (D:1)
  8 bats
  6 frilled lizards
  3 goblin zombies (Ossuary)
  A kobold zombie (Ossuary)
  An orc zombie (Ossuary)
  A quokka skeleton (D:4)
  9 rats
116 creatures vanquished.

Notes
Turn   | Place    | Note
-------+----------+-------------------------------------------
     0 | Abyss:1  | lunkers the Palentonga Abyssal Knight began the quest for
                  | the Orb.
     0 | Abyss:1  | Reached XP level 1. HP: 20/20 MP: 2/2
    59 | Abyss:1  | Found a corrupted altar of Lugonu.
   118 | Abyss:1  | Noticed a blizzard demon
   119 | D:1      | Escaped the Abyss
   529 | D:1      | Reached * piety under Lugonu
   533 | D:1      | Reached XP level 2. HP: 25/27 MP: 3/3
   882 | D:1      | Reached skill level 3 in Axes
  1096 | D:2      | Reached XP level 3. HP: 31/33 MP: 4/4
  1381 | D:2      | Reached ** piety under Lugonu
  2213 | D:3      | Reached XP level 4. HP: 32/42 MP: 5/5
  2389 | D:3      | Reached skill level 4 in Axes
  3120 | D:3      | Found a faded altar of an unknown god.
  3296 | D:3      | Reached XP level 5. HP: 18/49 MP: 6/6
  3638 | D:4      | Noticed an orc warrior
  3639 | D:4      | Noticed a phantom
  3651 | D:3      | Reached skill level 5 in Axes
  3651 | D:3      | HP: 2/50 [orc/+0 whip of venom (1)]
  3792 | D:4      | Found a sand-covered staircase.
  3797 | Ossuary  | Entered an ossuary
  3931 | Ossuary  | Reached *** piety under Lugonu
  3932 | Ossuary  | Reached XP level 6. HP: 47/56 MP: 7/7
  4790 | D:4      | Reached skill level 6 in Axes
  4818 | D:4      | Reached skill level 5 in Fighting
  5117 | D:4      | Gained mutation: You curl defensively after being hit.
                  | [Palentonga growth]
  5117 | D:4      | Reached XP level 7. HP: 55/65 MP: 9/9
  5272 | D:4      | HP: 1/65 [phantom (7)]
  5275 | D:4      | Reached skill level 7 in Axes
  5959 | D:4      | Reached XP level 8. HP: 51/74 MP: 11/11
  6545 | D:4      | Found a staircase to the Ecumenical Temple.
  6592 | D:5      | Entered Level 5 of the Dungeon
  6688 | D:4      | Slain by a gnoll sergeant

Illustrated notes

Levels and vault maps discovered:
D:1:      lightli_arrival_chessboard, layout_basic
D:2:      layout_basic
D:3:      cheibrodos_pilgrimage, layout_basic, chequers_ecumenical_altar_twisty
D:4:      layout_basic, minmay_temple_entry_butterflies, enter_ossuary_2
D:5:      layout_rooms, marbit_many_paths, nemelex_altar_shiori,
          uniq_prince_ribbit1, uniq_sigmund

Skill      XL: |  1  2  3  4  5  6  7 |
---------------+----------------------+-----
Axes           | 3 4 5 6 7 |  7.6
Fighting       | 4 5 |  5.9
Invocations    | 4 |  4.4
Armour         | |  1.5
Dodging        | |  0.7

Action                   |  1- 3 |  4- 6 |  7- 9 || total
-------------------------+-------+-------+-------++-------
Melee: Hand axe          |    97 |   226 |    98 ||   421
       Tailslap          |     9 |    26 |    11 ||    46
Invok: Depart the Abyss  |     1 |       |       ||     1
       Banish            |       |       |     1 ||     1
 Abil: Rolling Charge    |    37 |    26 |    13 ||    76
Evoke: Wand              |       |     2 |     1 ||     3
  Use: Potion            |       |     3 |       ||     3
       Scroll            |       |    16 |     2 ||    18
Armor: Leather armour    |    41 |    15 |       ||    56
       Chain mail        |       |    73 |    60 ||   133
Dodge: Dodged            |    35 |    74 |    23 ||   132
Block: Other             |       |    40 |    21 ||    61
       Reflection        |       |     1 |       ||     1

Table legend: (Time is in decaauts)
 A = Elapsed time spent in this place.
 B = Non-inter-level travel time spent in this place.
 C = Inter-level travel time spent in this place.
 D = Time resting spent in this place.
 E = Time spent auto-exploring this place.
 F = Levels seen in this place.
 G = Mean time per level.
                   A        B        C        D        E       F      G
               +--------+--------+--------+--------+--------+-----+--------+
         Total |   6713 |   6583 |    130 |    842 |   4825 |   7 |  959.0 |
       Dungeon |   5852 |   5722 |    130 |    838 |   4142 |   5 | 1170.4 |
         Abyss |    119 |    119 |      0 |      0 |    117 |   1 |  119.0 |
       Ossuary |    742 |    742 |      0 |      4 |    566 |   1 |  742.0 |
               +--------+--------+--------+--------+--------+-----+--------+

Top non-repeatable levels by time:
     D:3: 2255 daAuts
     D:4: 1470 daAuts
     D:2: 1132 daAuts
     D:1: 969 daAuts
 Ossuary: 742 daAuts
 Abyss:1: 119 daAuts
     D:5: 23 daAuts
